 Dungeon Crawl Stone Soup version 0.29.0-4-gdea44cf6ec (webtiles) character file.

Game seed: 2024409787050953167

6118 qw the Cleaver (level 10, -5/60 HPs)
             Began as a Tengu Warper on Aug 28, 2022.
             Was a High Priest of Okawaru.
             Killed from afar by a manticore (10 damage)
             ... with a volley of spikes
             ... on level 11 of the Dungeon.
             The game lasted 00:00:58 (10999 turns).

qw the Cleaver (Tengu Warper)                      Turns: 10999, Time: 00:00:58

Health: -5/60      AC: 17    Str: 16    XL:     10   Next: 89%
Magic:  14/15      EV:  9    Int: 14    God:    Okawaru [*****.]
Gold:   704        SH:  0    Dex: 13    Spells: 13/13 levels left

rFire   + . .      SeeInvis .   b - +1 flail
rCold   . . .      Faith    .   (no shield)
rNeg    . . .      Spirit   .   c - +2 plate armour
rPois   .          Reflect  .   (helmet restricted)
rElec   .          Harm     .   g - scarf {repulsion}
rCorr   .          Rampage  .   (no gloves)
Will    +....                   (boots unavailable)
Stlth   ..........              k - amulet of the acrobat
HPRegen 0.20/turn               h - ring of willpower
MPRegen 0.14/turn               o - ring of protection from fire

@: about to teleport, heroic, spiked, flying quickly and evasively, repel
missiles, quick
A: beak, talons 3, nimble flight
a: Renounce Religion, Heroism, Finesse, Duel


You were on level 11 of the Dungeon.
You worshipped Okawaru.
Okawaru was extremely pleased with you.
You visited 2 branches of the dungeon, and saw 12 of its levels.

You collected 773 gold pieces.
You spent 69 gold pieces at shops.


Innate Abilities, Weirdness & Mutations

You have a beak for a mouth.
You have claws for feet.
Your magical nature lets you fly swiftly and evasively.


   Skills:
 - Level 6.0(11.0) Fighting
 + Level 12.3(17.3) Axes
 - Level 3.1(8.1) Throwing
 - Level 6.4(11.4) Armour
 - Level 3.0(8.0) Dodging
 - Level 2.0 Spellcasting
 - Level 2.4 Translocations
 + Level 6.5 Invocations


You had 13 spell levels left.
You didn't know any spells.
Your spell library contained the following spells:

 Spells                   Type           Power      Damage    Failure   Level
 Blink                    Tloc           16%        N/A       98%         2
 Gell's Gravitas          Tloc           8%         N/A       100%        3
 Lesser Beckoning         Tloc           8%         N/A       100%        3
 Teleport Other           Tloc           8%         N/A       100%        3
 Manifold Assault         Tloc           8%         N/A       100%        5

Inventory:

Hand Weapons
 b - a +1 flail (weapon)
 Y - a +6 war axe of protection
Missiles
 d - 3 boomerangs
 j - 7 javelins (quivered)
Armour
 c - a +2 plate armour (worn)
 g - a scarf of repulsion (worn)
 i - a +1 cloak
Jewellery
 h - a ring of willpower (left hand)
 k - an amulet of the acrobat (around neck)
 o - a ring of protection from fire (right hand)
 p - a ring of positive energy
Scrolls
 a - 6 scrolls of identify
 n - 2 scrolls of teleportation
Potions
 e - a potion of haste
 f - a potion of curing
 l - 3 potions of magic
 m - 2 potions of might
 q - a potion of cancellation

Dungeon Overview and Level Annotations

Branches:
Dungeon (11/15)            Temple (1/1) D:4
   Lair: D:8-11         Orc: D:9-12

Altars:
Ashenzari
Cheibriados
Dithmenos
Elyvilon
Fedhas
Gozag
Hepliaklqana
Kikubaaqudgha
Makhleb
Nemelex Xobeh
Okawaru
Qazlal
Ru
Sif Muna
Trog
Uskayaw
Vehumet
Wu Jian
Xom
Yredelemnul
Zin
The Shining One

Shops:
D:1 *   D:6 (

Annotations:
D:3 2 runed translucent doors
D:4 3 runed translucent doors, qw's ghost, amateur TeWr
D:5 1 runed translucent door, qw's ghost, novice TeWr
D:7 2 transporters, qw's ghost, novice TeWr


Message History

The komodo dragon is almost dead.
Something hits you but does no damage.
The komodo dragon bites you but does no damage.
You barely miss the komodo dragon. You peck the komodo dragon.
The komodo dragon is almost dead.
You hit something. Something hits you but does no damage.
The komodo dragon bites you.
You hit the komodo dragon.
You kill the komodo dragon!
Okawaru accepts your kill.
Your surroundings suddenly seem different.
A seven-headed hydra comes into view.
Found a stone staircase leading up.
The seven-headed hydra roars!
A manticore comes into view.
10996 ||| READING 3 scrolls of teleportation.
As you read the scroll of teleportation, it crumbles to dust.
You feel strangely unstable.
The manticore flicks its tail.
The volley of spikes is repelled.
10997 ||| SWAPPING to +1 flail.
Your +6 war axe of protection goes still.
b - a +1 flail (weapon)
You sock the seven-headed hydra! You claw the seven-headed hydra!
You peck the seven-headed hydra.
The seven-headed hydra is moderately wounded.
The manticore flicks its tail.
The volley of spikes hits you!
The barbed spikes become lodged in your body.
You thump the seven-headed hydra! You claw the seven-headed hydra.
You peck the seven-headed hydra.
The seven-headed hydra is severely wounded.
The seven-headed hydra bites you.
The seven-headed hydra bites you but does no damage.
The seven-headed hydra barely misses you. x2
The seven-headed hydra bites you but does no damage. x3
The manticore flicks its tail.
The volley of spikes hits you!
The barbed spikes become lodged in your body.
You die...

#..#
#..#
#..#
#..#
#..#
#..#
#D.#
#@.#
#..#
#...H
#......
#..#####
#..#
#<.#
#..#


You could see a seven-headed hydra and a manticore.

Vanquished Creatures
  2 two-headed ogres
  A komodo dragon (D:11)
  A troll (D:9)
  5 yaks (D:10)
  A water moccasin (D:5)
  3 ice beasts (D:7)
  2 black bears
  5 orc warriors
  An ogre (D:5)
  A centaur (D:7)
  3 kobold brigands
  A phantom (D:5)
  2 necrophages
  2 bullfrogs
  3 wights (D:7)
  17 killer bees
  3 howler monkeys (D:10)
  3 jellies (D:6)
  A gnoll bouda (D:9)
  2 orc priests
  7 hounds
  5 iguanas
  10 orc wizards
  Robin (D:2)
  4 gnolls (D:6)
  6 adders
  3 shadow imps
  A white imp (D:6)
  An ufetubus (D:3)
  A worm (D:5)
  A dart slug (D:3)
  43 orcs
  3 ball pythons
  6 endoplasms
  2 giant cockroaches
  12 goblins
  5 hobgoblins
  5 jackals
  21 kobolds
  5 quokkas
  A bat (D:2)
  A frilled lizard (D:2)
  4 rats
207 creatures vanquished.

Vanquished Creatures (others)
  6 plants (D:7)
6 creatures vanquished.

Grand Total: 213 creatures vanquished

Notes
Turn   | Place    | Note
-------+----------+-------------------------------------------
     0 | D:1      | qw the Tengu Warper began the quest for the Orb.
     0 | D:1      | Reached XP level 1. HP: 12/12 MP: 4/4
     0 | D:1      | 0 ||| qw: Version: 0.1-a-89-g26bdef1
     0 | D:1      | 0 ||| qw: Game counter: 2024
     0 | D:1      | 0 ||| qw: Always use a shield: true
     0 | D:1      | 0 ||| qw: God list: Okawaru
     0 | D:1      | 0 ||| qw: Allow faded altars: false
     0 | D:1      | 0 ||| qw: Do Orc after D:15 true
     0 | D:1      | 0 ||| qw: Do second Lair branch before Depths: true
     0 | D:1      | 0 ||| qw: Lair rune preference: random
     0 | D:1      | 0 ||| qw: Plans: Normal
     0 | D:1      | 0 ||| PLANNING D:1-11
    63 | D:1      | 63 ||| Stepping ~*~*~tactically~*~*~ (stealth).
    77 | D:1      | 77 ||| Stepping ~*~*~tactically~*~*~ (stealth).
    86 | D:1      | Found a faded altar of an unknown god.
    91 | D:1      | 91 ||| Stepping ~*~*~tactically~*~*~ (stealth).
    95 | D:1      | 95 ||| DROPPING +0 club.
   251 | D:1      | Reached skill level 3 in Axes
   251 | D:1      | Reached XP level 2. HP: 17/17 MP: 6/6
   349 | D:1      | 349 ||| Stepping ~*~*~tactically~*~*~ (stealth).
   351 | D:1      | 351 ||| Stepping ~*~*~tactically~*~*~ (stealth).
   352 | D:1      | 352 ||| Stepping ~*~*~tactically~*~*~ (stealth).
   460 | D:1      | Found Ogruzoq's Assorted Antiques.
   469 | D:1      | 469 ||| SHOPLISTING ring mail (92 gold, have 87).
   469 | D:1      | 469 ||| SHOPLISTING runed leather armour (115 gold, have
                  | 87).
   469 | D:1      | 469 ||| BUYING scroll labelled EKUCUH DATHRUE (23 gold).
   469 | D:1      | Bought a scroll labelled EKUCUH DATHRUE for 23 gold pieces
   469 | D:1      | 469 ||| BUYING scroll labelled SUSOSK ISCHAN (23 gold).
   469 | D:1      | Bought a scroll labelled SUSOSK ISCHAN for 23 gold pieces
   469 | D:1      | 469 ||| BUYING scroll labelled ZUSUEZ UNECKE (23 gold).
   469 | D:1      | Bought a scroll labelled ZUSUEZ UNECKE for 23 gold pieces
   769 | D:1      | 769 ||| UPGRADING to amulet of the acrobat.
   774 | D:1      | 774 ||| READING 2 scrolls labelled EKUCUH DATHRUE.
   775 | D:1      | 775 ||| READING scroll labelled SUSOSK ISCHAN.
   776 | D:1      | 776 ||| READING scroll labelled ZUSUEZ UNECKE.
   777 | D:1      | 777 ||| DROPPING scroll of blinking.
   842 | D:2      | Reached XP level 3. HP: 9/21 MP: 7/7
   844 | D:2      | 844 ||| Stepping ~*~*~tactically~*~*~ (stealth).
   846 | D:2      | HP: 5/21 [poisoned by an adder]
   848 | D:2      | Reached skill level 4 in Axes
  1354 | D:2      | Noticed Robin
  1356 | D:2      | 1356 ||| Stepping ~*~*~tactically~*~*~ (hiding).
  1368 | D:2      | Killed Robin
  1369 | D:2      | Reached XP level 4. HP: 10/26 MP: 8/8
  1369 | D:2      | 1369 ||| FLEEEEING.
  1370 | D:2      | 1370 ||| FLEEEEING.
  1371 | D:2      | 1371 ||| FLEEEEING.
  1372 | D:2      | 1372 ||| FLEEEEING.
  1373 | D:2      | 1373 ||| FLEEEEING.
  1374 | D:2      | 1374 ||| FLEEEEING.
  1375 | D:2      | 1375 ||| FLEEEEING.
  1376 | D:2      | 1376 ||| FLEEEEING.
  1377 | D:2      | 1377 ||| FLEEEEING.
  1378 | D:2      | 1378 ||| FLEEEEING.
  1379 | D:2      | 1379 ||| FLEEEEING.
  1380 | D:2      | 1380 ||| FLEEEEING.
  1381 | D:2      | 1381 ||| FLEEEEING.
  1382 | D:2      | 1382 ||| FLEEEEING.
  1383 | D:2      | 1383 ||| FLEEEEING.
  1384 | D:2      | 1384 ||| FLEEEEING.
  1385 | D:2      | 1385 ||| FLEEEEING.
  1386 | D:2      | 1386 ||| FLEEEEING.
  1387 | D:2      | 1387 ||| FLEEEEING.
  1388 | D:2      | 1388 ||| FLEEEEING.
  1389 | D:2      | 1389 ||| FLEEEEING.
  1390 | D:2      | 1390 ||| FLEEEEING.
  1391 | D:2      | 1391 ||| FLEEEEING.
  1392 | D:2      | 1392 ||| FLEEEEING.
  1393 | D:2      | 1393 ||| FLEEEEING.
  1394 | D:2      | 1394 ||| FLEEEEING.
  1395 | D:2      | 1395 ||| FLEEEEING.
  1396 | D:2      | 1396 ||| FLEEEEING.
  1397 | D:2      | 1397 ||| FLEEEEING.
  1398 | D:2      | 1398 ||| FLEEEEING.
  1399 | D:2      | 1399 ||| FLEEEEING.
  1400 | D:2      | 1400 ||| FLEEEEING.
  1401 | D:2      | 1401 ||| FLEEEEING.
  1402 | D:2      | 1402 ||| FLEEEEING.
  1404 | D:2      | 1404 ||| FLEEEEING.
  1405 | D:2      | 1405 ||| FLEEEEING.
  1406 | D:2      | 1406 ||| FLEEEEING.
  1407 | D:2      | 1407 ||| FLEEEEING.
  1408 | D:2      | 1408 ||| FLEEEEING.
  1409 | D:2      | 1409 ||| FLEEEEING.
  1410 | D:2      | 1410 ||| FLEEEEING.
  1411 | D:2      | 1411 ||| FLEEEEING.
  1412 | D:2      | 1412 ||| FLEEEEING.
  1413 | D:2      | 1413 ||| STAIRDANCE
  1568 | D:1      | 1568 ||| UPGRADING to +0 ring mail.
  1578 | D:1      | 1578 ||| DROPPING +0 leather armour.
  1579 | D:1      | 1579 ||| UPGRADING to +0 cloak.
  1584 | D:1      | 1584 ||| UPGRADING to +0 scale mail.
  1594 | D:1      | 1594 ||| DROPPING +0 ring mail.
  1595 | D:1      | 1595 ||| READING 2 scrolls labelled WINUTA KE ZOL.
  1596 | D:1      | 1596 ||| READING scroll of enchant armour.
  1596 | D:1      | 1596 ||| ENCHANTING +0 cloak.
  1597 | D:1      | 1597 ||| READING scroll labelled MIUVOGU YRUAHI.
  1714 | D:2      | 1714 ||| Stepping ~*~*~tactically~*~*~ (stealth).
  1729 | D:2      | Reached skill level 5 in Axes
  2151 | D:2      | 2151 ||| READING scroll labelled GAEKKOB YPIW.
  2152 | D:2      | 2152 ||| READING scroll labelled GARAMI GUKERCH.
  2153 | D:2      | 2153 ||| DRINKING 2 murky orange potions.
  2154 | D:2      | 2154 ||| DROPPING potion of magic.
  2397 | D:3      | 2397 ||| SWAPPING to +0 war axe.
  2398 | D:3      | 2398 ||| DROPPING +0 hand axe.
  2493 | D:3      | Found a large runed translucent door.
  2493 | D:3      | Found a large runed translucent door.
  2493 | D:3      | Found a shimmering altar of Xom.
  2575 | D:3      | 2575 ||| Stepping ~*~*~tactically~*~*~ (stealth).
  2593 | D:3      | 2593 ||| Stepping ~*~*~tactically~*~*~ (stealth).
  2789 | D:3      | 2789 ||| UPGRADING to +0 plate armour.
  2799 | D:3      | 2799 ||| DROPPING +0 scale mail.
  2800 | D:3      | 2800 ||| UPGRADING to ring of willpower.
  2801 | D:3      | 2801 ||| READING scroll labelled IRHIBUTIST.
  2802 | D:3      | 2802 ||| READING scroll labelled KUISUUBROE.
  2803 | D:3      | 2803 ||| READING 4 scrolls of identify.
  2803 | D:3      | 2803 ||| IDENTIFYING emerald potion
  2829 | D:4      | Found a staircase to the Ecumenical Temple.
  2830 | D:4      | 2830 ||| PLANNING TEMPLE
  2837 | Temple   | Entered the Ecumenical Temple
  2845 | Temple   | Became a worshipper of Warmaster Okawaru
  2846 | Temple   | 2846 ||| Stepping randomly (stuck).
  2847 | Temple   | 2847 ||| PLANNING D:1-11
  2928 | D:4      | 2928 ||| Stepping ~*~*~tactically~*~*~ (stealth).
  2940 | D:4      | Gained mutation: Your magical nature lets you fly swiftly
                  | and evasively. [Tengu growth]
  2940 | D:4      | Reached XP level 5. HP: 30/30 MP: 9/9
  3036 | D:4      | 3036 ||| READING scroll of enchant weapon.
  3036 | D:4      | 3036 ||| ENCHANTING +1 war axe of protection.
  3111 | D:4      | 3111 ||| READING scroll of enchant weapon.
  3111 | D:4      | 3111 ||| ENCHANTING +2 war axe of protection.
  3175 | D:4      | Found a runed translucent gate.
  3176 | D:4      | Found a runed translucent gate.
  3176 | D:4      | Found a runed translucent gate.
  3178 | D:4      | Noticed qw's ghost (amateur TeWr)
  3679 | D:4      | 3679 ||| READING scroll labelled GUAFUM FOGED.
  3682 | D:4      | 3682 ||| READING scroll labelled OXIAMI GYJOCK.
  3683 | D:4      | 3683 ||| READING scroll labelled HOFEC MEKO.
  3684 | D:4      | 3684 ||| READING scroll labelled YDEGUL HEIXT.
  3685 | D:4      | 3685 ||| Stepping randomly (stuck).
  3686 | D:4      | 3686 ||| Stepping ~*~*~tactically~*~*~ (cloud).
  3885 | D:5      | Entered Level 5 of the Dungeon
  4027 | D:5      | Reached skill level 6 in Axes
  4078 | D:5      | Reached XP level 6. HP: 20/35 MP: 10/10
  4078 | D:5      | HP: 8/35 [orc priest/divine providence (12)]
  4079 | D:5      | 4079 ||| DRINKING 2 potions of heal wounds.
  4082 | D:5      | Reached skill level 3 in Armour
  4083 | D:5      | Reached * piety under Okawaru
  4238 | D:5      | 4238 ||| DROPPING +0 whip.
  4474 | D:5      | Reached skill level 1 in Invocations
  4477 | D:5      | Reached skill level 7 in Axes
  4672 | D:5      | Found a runed translucent door.
  4672 | D:5      | Noticed qw's ghost (novice TeWr)
  4708 | D:5      | Reached XP level 7. HP: 30/40 MP: 11/11
  4811 | D:5      | 4811 ||| INVOKING Heroism.
  4815 | D:5      | Reached skill level 3 in Fighting
  4886 | D:5      | 4886 ||| INVOKING Heroism.
  4892 | D:5      | Reached ** piety under Okawaru
  4893 | D:5      | Reached skill level 3 in Invocations
  5052 | D:5      | 5052 ||| INVOKING Heroism.
  5257 | D:5      | 5257 ||| UPGRADING to scarf of repulsion.
  5267 | D:5      | 5267 ||| DRINKING 2 sedimented yellow potions.
  5268 | D:5      | 5268 ||| DRINKING 2 golden potions.
  5269 | D:5      | 5269 ||| READING 5 scrolls of identify.
  5269 | D:5      | 5269 ||| IDENTIFYING fizzy cyan potion
  5270 | D:5      | 5270 ||| DROPPING potion of degeneration.
  5288 | D:6      | 5288 ||| INVOKING Heroism.
  5291 | D:6      | Reached XP level 8. HP: 44/46 MP: 9/12
  5307 | D:6      | Reached skill level 8 in Axes
  5365 | D:6      | 5365 ||| Stepping ~*~*~tactically~*~*~ (stealth).
  5399 | D:6      | 5399 ||| Stepping ~*~*~tactically~*~*~ (stealth).
  5400 | D:6      | 5400 ||| INVOKING Heroism.
  5427 | D:6      | 5427 ||| INVOKING Heroism.
  5662 | D:6      | 5662 ||| Stepping ~*~*~tactically~*~*~ (stealth).
  5666 | D:6      | 5666 ||| Stepping ~*~*~tactically~*~*~ (stealth).
  5669 | D:6      | 5669 ||| INVOKING Heroism.
  5670 | D:6      | 5670 ||| Stepping ~*~*~tactically~*~*~ (stealth).
  5674 | D:6      | 5674 ||| Stepping ~*~*~tactically~*~*~ (stealth).
  5758 | D:6      | Reached skill level 9 in Axes
  5762 | D:6      | 5762 ||| READING scroll of enchant weapon.
  5762 | D:6      | 5762 ||| ENCHANTING +3 war axe of protection.
  5867 | D:6      | Found an ancient bone altar of Kikubaaqudgha.
  5868 | D:6      | Found a stormy altar of Qazlal.
  5888 | D:6      | 5888 ||| Stepping ~*~*~tactically~*~*~ (stealth).
  5889 | D:6      | 5889 ||| Stepping ~*~*~tactically~*~*~ (stealth).
  5900 | D:6      | 5900 ||| INVOKING Heroism.
  6182 | D:6      | Found Zisobuish's Weapon Boutique.
  6358 | D:7      | 6358 ||| INVOKING Heroism.
  6365 | D:7      | HP: 12/48 [killer bee (2)]
  6366 | D:7      | 6366 ||| DRINKING 2 potions of heal wounds.
  6375 | D:7      | HP: 12/48 [killer bee (6)]
  6376 | D:7      | Reached XP level 9. HP: 13/52 MP: 11/13
  6376 | D:7      | 6376 ||| DRINKING potion of heal wounds.
  6464 | D:7      | 6464 ||| Stepping ~*~*~tactically~*~*~ (stealth).
  6465 | D:7      | 6465 ||| Stepping ~*~*~tactically~*~*~ (stealth).
  6531 | D:7      | 6531 ||| Stepping ~*~*~tactically~*~*~ (hiding).
  6537 | D:7      | 6537 ||| INVOKING Heroism.
  6549 | D:7      | Reached *** piety under Okawaru
  6616 | D:7      | Identified the +0 trident of Dominance {venom, rCorr Int+10
                  | Dex-5 Stlth-}
  6616 | D:7      | Identified the +5 kite shield of the Sunfish {rN+}
  6634 | D:7      | 6634 ||| READING scroll of enchant armour.
  6634 | D:7      | 6634 ||| ENCHANTING +0 plate armour.
  6642 | D:7      | Noticed qw's ghost (novice TeWr)
  6679 | D:7      | 6679 ||| READING scroll of enchant armour.
  6679 | D:7      | 6679 ||| ENCHANTING +1 plate armour.
  6706 | D:7      | 6706 ||| Stepping ~*~*~tactically~*~*~ (stealth).
  6757 | D:7      | Reached skill level 10 in Axes
  6761 | D:7      | 6761 ||| DROPPING +0 flail.
  7000 | D:7      | 7000 ||| READING scroll of enchant weapon.
  7000 | D:7      | 7000 ||| ENCHANTING +4 war axe of protection.
  7095 | D:7      | 7095 ||| Stepping ~*~*~tactically~*~*~ (hiding).
  7096 | D:7      | 7096 ||| Stepping ~*~*~tactically~*~*~ (hiding).
  7123 | D:7      | Found a transporter.
  7124 | D:7      | Found a transporter.
  7137 | D:7      | 7137 ||| Stepping ~*~*~tactically~*~*~ (stealth).
  7139 | D:7      | 7139 ||| Stepping ~*~*~tactically~*~*~ (hiding).
  7218 | D:7      | 7218 ||| READING scroll labelled FAENAITYAS.
  7346 | D:7      | 7346 ||| INVOKING Heroism.
  7477 | D:7      | 7477 ||| READING 6 scrolls of identify.
  7477 | D:7      | 7477 ||| IDENTIFYING viscous purple potion
  7478 | D:7      | 7478 ||| DROPPING potion of lignification.
  7558 | D:8      | 7558 ||| INVOKING Heroism.
  7666 | D:8      | 7666 ||| INVOKING Heroism.
  7667 | D:8      | 7667 ||| Stepping ~*~*~tactically~*~*~ (hiding).
  7669 | D:8      | 7669 ||| Stepping ~*~*~tactically~*~*~ (stealth).
  7717 | D:8      | 7717 ||| INVOKING Heroism.
  7852 | D:8      | Reached skill level 11 in Axes
  7985 | D:8      | 7985 ||| Stepping ~*~*~tactically~*~*~ (stealth).
  7988 | D:8      | 7988 ||| INVOKING Heroism.
  8000 | D:8      | Reached skill level 3 in Throwing
  8007 | D:8      | HP: 13/54 [poisoned by a killer bee]
  8247 | D:8      | Identified the +0 helmet "Juonooq" {Int+3}
  8271 | D:8      | Found a broken altar of Ashenzari.
  8318 | D:8      | 8318 ||| INVOKING Heroism.
  8330 | D:8      | Reached **** piety under Okawaru
  8627 | D:8      | 8627 ||| READING scroll of enchant weapon.
  8627 | D:8      | 8627 ||| ENCHANTING +5 war axe of protection.
  8787 | D:8      | 8787 ||| DRINKING 2 viscous ruby potions.
  8788 | D:8      | 8788 ||| DRINKING 2 white potions.
  8789 | D:8      | 8789 ||| READING 8 scrolls of identify.
  8789 | D:8      | 8789 ||| IDENTIFYING green potion
  8790 | D:8      | 8790 ||| READING 7 scrolls of identify.
  8790 | D:8      | 8790 ||| IDENTIFYING ruby potion
  8791 | D:8      | 8791 ||| DROPPING potion of invisibility.
  8792 | D:8      | 8792 ||| DROPPING potion of brilliance.
  8793 | D:8      | 8793 ||| DROPPING potion of attraction.
  8855 | D:9      | 8855 ||| INVOKING Heroism.
  9114 | D:9      | 9114 ||| INVOKING Heroism.
  9186 | D:9      | 9186 ||| Stepping ~*~*~tactically~*~*~ (stealth).
  9188 | D:9      | 9188 ||| INVOKING Heroism.
  9194 | D:9      | Reached XP level 10. HP: 59/59 MP: 11/14
  9291 | D:9      | 9291 ||| INVOKING Heroism.
  9300 | D:9      | Reached skill level 12 in Axes
  9531 | D:9      | Noticed a two-headed ogre
  9532 | D:9      | 9532 ||| INVOKING Heroism.
  9540 | D:9      | Killed a two-headed ogre
  9645 | D:9      | 9645 ||| UPGRADING to ring of protection from fire.
  9646 | D:9      | 9646 ||| READING 6 scrolls of identify.
  9646 | D:9      | 9646 ||| IDENTIFYING murky amethyst potion
  9678 | D:10     | Entered Level 10 of the Dungeon
  9746 | D:10     | Identified the +1 robe of Qumesaji {Regen+ Stlth+}
  9769 | D:10     | Received a gift from Okawaru
  9782 | D:10     | 9782 ||| FLEEEEING.
  9783 | D:10     | 9783 ||| FLEEEEING.
  9784 | D:10     | 9784 ||| FLEEEEING.
  9785 | D:10     | 9785 ||| STAIRDANCE
  9879 | D:10     | Reached skill level 6 in Fighting
 10028 | D:10     | 10028 ||| Stepping ~*~*~tactically~*~*~ (stealth).
 10055 | D:10     | 10055 ||| INVOKING Heroism.
 10119 | D:10     | 10119 ||| INVOKING Heroism.
 10124 | D:10     | Reached skill level 3 in Dodging
 10186 | D:10     | Noticed a two-headed ogre
 10187 | D:10     | 10187 ||| INVOKING Heroism.
 10192 | D:10     | HP: 14/60 [two-headed ogre/+0 dire flail (13)]
 10193 | D:10     | 10193 ||| READING 4 scrolls of teleportation.
 10194 | D:10     | 10194 ||| DRINKING potion of heal wounds.
 10196 | D:10     | Killed a two-headed ogre
 10196 | D:10     | Reached ***** piety under Okawaru
 10197 | D:10     | Reached skill level 6 in Armour
 10197 | D:10     | Reached skill level 6 in Invocations
 10421 | D:10     | 10421 ||| Stepping ~*~*~tactically~*~*~ (stealth).
 10423 | D:10     | 10423 ||| INVOKING Heroism.
 10424 | D:10     | 10424 ||| Stepping ~*~*~tactically~*~*~ (hiding).
 10426 | D:10     | 10426 ||| Stepping ~*~*~tactically~*~*~ (hiding).
 10647 | D:10     | Found a bloodstained altar of Trog.
 10830 | D:11     | 10830 ||| Stepping ~*~*~tactically~*~*~ (stealth).
 10846 | D:11     | 10846 ||| FLEEEEING.
 10847 | D:11     | 10847 ||| FLEEEEING.
 10848 | D:11     | 10848 ||| FLEEEEING.
 10849 | D:11     | 10849 ||| FLEEEEING.
 10853 | D:11     | 10853 ||| STAIRDANCE
 10988 | D:11     | 10988 ||| INVOKING Heroism.
 10991 | D:11     | HP: 15/60 [something (5)]
 10992 | D:11     | 10992 ||| READING 4 scrolls of teleportation.
 10995 | D:11     | Noticed a seven-headed hydra
 10995 | D:11     | Noticed a manticore
 10996 | D:11     | 10996 ||| READING 3 scrolls of teleportation.
 10997 | D:11     | 10997 ||| SWAPPING to +1 flail.
 10998 | D:11     | HP: 6/60 [manticore/volley of spikes (7)]
 10999 | D:11     | Killed from afar by a manticore

Levels and vault maps discovered:
D:1:      lightli_arrival_flooded_house, layout_loops_ring, serial_shops, shop,
          shapermc_ecumenical_altar_venn
D:2:      layout_loops_ring, uniq_robin
D:3:      due_chaos_kobolds, layout_basic, minmay_goblin_outpost
D:4:      layout_basic, minmay_temple_entry_sparse_star,
          ebering_ghost_rock_garden, kennysheep_donut, small_statue_intersection
D:5:      layout_basic, hellmonk_ghost_happy_afterlife
D:6:      layout_loops_ring, gammafunk_temple_overflow_statue, serial_shops,
          nicolae_diamond_shop
D:7:      layout_loops_ring, gammafunk_ghost_gnarly_gnolls
D:8:      layout_gridville, mainiacjoe_overflow_surrounded_room
D:9:      layout_irregular_city, st_stairs_2
D:10:     layout_roguey, lemuel_round_altar
D:11:     layout_small_grid, david_lair_generic, hiddenorc2_lemuel,
          ebering_ghost_gozag
Temple:   nicolae_temple_no_exploring_needed

Skill      XL: |  1  2  3  4  5  6  7  8  9 10 |
---------------+-------------------------------+-----
Axes           | 3 4 5 6 7 9 11 12 | 12.3
Armour         | 2 3 4 5 6 |  6.4
Invocations    | 1 3 4 6 |  6.5
Fighting       | 3 4 5 6 |  6.0
Throwing       | 2 3 |  3.1
Dodging        | 3 |  3.0
Spellcasting   | |  2.0
Translocations | |  2.4

Action                   |  1- 3 |  4- 6 |  7- 9 | 10-12 || total
-------------------------+-------+-------+-------+-------++-------
Melee: Hand axe          |    36 |    38 |       |       ||    74
       Kick              |     6 |    35 |    39 |    28 ||   108
       Peck              |     4 |    17 |    35 |    18 ||    74
       War axe           |       |    85 |   199 |    82 ||   366
       Punch             |       |     1 |     2 |     2 ||     5
       Flail             |       |       |       |     2 ||     2
Throw: Boomerang         |     7 |       |     3 |       ||    10
       Javelin           |    14 |    20 |    72 |     7 ||   113
Invok: Heroism           |       |       |    19 |     7 ||    26
  Use: Scroll            |     3 |    14 |    10 |     4 ||    31
       Potion            |       |     2 |     6 |     1 ||     9
 Stab: Distracted        |     1 |       |       |       ||     1
Armor: Leather armour    |     6 |       |       |       ||     6
       Scale mail        |       |    22 |       |       ||    22
       Plate armour      |       |    51 |   128 |    46 ||   225
Dodge: Dodged            |    12 |    36 |    84 |    41 ||   173
       Repelled          |       |       |     1 |     1 ||     2

Table legend:
 A = Non-vault XP
 B = Vault XP
 C = Vault XP percentage of total XP
 D = Non-vault monster count
 E = Vault monster count
 F = Vault count percentage of total count
                 A         B        C        D         E       F
            +---------+---------+-------+---------+---------+-------
      Total |    8597 |     143 |   1.6 |     192 |      15 |   7.2
            +---------+---------+-------+---------+---------+-------
        D:1 |      22 |       0 |   0.0 |      13 |       0 |   0.0
        D:2 |      66 |      29 |  30.5 |      19 |       8 |  29.6
        D:3 |      18 |      10 |  35.7 |       5 |       5 |  50.0
        D:4 |     126 |       0 |   0.0 |      11 |       0 |   0.0
        D:5 |     898 |       0 |   0.0 |      24 |       0 |   0.0
        D:6 |     905 |       0 |   0.0 |      26 |       0 |   0.0
        D:7 |    1229 |       0 |   0.0 |      31 |       0 |   0.0
        D:8 |    1032 |       0 |   0.0 |      29 |       0 |   0.0
        D:9 |    1373 |     104 |   7.0 |      10 |       2 |  16.7
       D:10 |    2556 |       0 |   0.0 |      23 |       0 |   0.0
       D:11 |     372 |       0 |   0.0 |       1 |       0 |   0.0
            +---------+---------+-------+---------+---------+-------
